 Dungeon Crawl Stone Soup version 0.31-a0-1300-gb6740aa4e6 (webtiles) character file.

Game seed: 339954463662812993

70254 grandjackal the Eclecticist (level 14, -9/78 HPs)
             Began as a Deep Elf Conjurer on Dec 19, 2023.
             Was a High Priest of Sif Muna.
             Shot with an arrow by a centaur warrior (23 damage)
             ... on level 13 of the Dungeon.
             The game lasted 01:03:11 (29293 turns).

grandjackal the Eclecticist (Deep Elf Conjurer)    Turns: 29293, Time: 01:03:12

Health: -9/78      AC:  7    Str:  1    XL:     14   Next: 93%
Magic:  11/37      EV: 10    Int: 31    God:    Sif Muna [*****.]
Gold:   1006       SH:  0    Dex: 13    Spells: 2/48 levels left

rFire   + . .        N - staff of fire
rCold   . . .        (no shield)
rNeg    + + +        i - +0 leather armour "Bogh" {rElec rN+++ Str-3 Int+2}
rPois   .            B - +2 helmet
rElec   +            (no cloak)
rCorr   .            (no gloves)
SInv    .            H - +0 pair of boots {rampage}
Will    +....        (no amulet)
Stlth   ++           h - +4 ring of slaying
HPRegen 0.33/turn    c - ring of wizardry
MPRegen 0.25/turn

%: clarity, rampage, wizardry (x1)
@: no status effects
A: clarity, wild magic 1
a: Renounce Religion, Channel Magic, Forget Spell, Divine Exegesis


You were on level 13 of the Dungeon.
You worshipped Sif Muna.
Sif Muna was extremely pleased with you.
You visited 4 branches of the dungeon, and saw 21 of its levels.

You collected 2176 gold pieces.
You spent 1170 gold pieces at shops.

Inventory:

Missiles
 A - 5 throwing nets
Armour
 i - the +0 leather armour "Bogh" (worn) {rElec rN+++ Str-3 Int+2}
   (You found it on level 2 of the Dungeon)

   Str-3:     It affects your strength (-3).
   Int+2:     It affects your intelligence (+2).
   rElec:     It insulates you from electricity.
   rN+++:     It renders you almost immune to negative energy.
 o - the +2 ring mail "Yngo" {*Slow rElec rN++ Int+3}
   (You found it on level 3 of the Dungeon)

   Int+3:     It affects your intelligence (+3).
   rElec:     It insulates you from electricity.
   rN++:      It greatly protects you from negative energy.
   *Slow:     It may slow you when you take damage.
 B - a +2 helmet (worn)
 H - a +0 pair of boots of rampaging (worn)
Magical Staves
 N - a staff of fire (weapon)
Jewellery
 c - a ring of wizardry (right hand)
 h - a +4 ring of slaying (left hand)
 k - an amulet of regeneration
 D - a ring of resist corrosion
 G - a ring of protection from fire
 M - a ring of ice
Wands
 n - a wand of polymorph (16)
 p - a wand of roots (17)
 x - a wand of charming (3)
 I - a wand of flame (13)
 J - a wand of quicksilver (2)
 O - a wand of digging (7)
Scrolls
 a - 3 scrolls of poison {unknown}
 d - 4 scrolls of enchant armour {unknown}
 e - 2 scrolls of fear
 j - 4 scrolls of teleportation {unknown}
 q - 4 scrolls of immolation
 r - 7 scrolls of fog
 w - 3 scrolls of revelation
 y - 2 scrolls of summoning
 C - a scroll of amnesia
 E - 4 scrolls of blinking
 P - 2 scrolls of identify
Potions
 b - 2 potions of magic
 f - 3 potions of enlightenment
 g - a potion of ambrosia
 l - 3 potions of resistance
 m - 2 potions of mutation
 s - 2 potions of cancellation
 t - 3 potions of lignification
 u - 9 potions of curing
 v - a potion of heal wounds
 z - a potion of might
 F - 2 potions of berserk rage
 K - 3 potions of brilliance
 L - 3 potions of haste


   Skills:
 - Level 5.0 Fighting
 - Level 2.4 Dodging
 - Level 2.4 Stealth
 + Level 17.8 Spellcasting
 - Level 10.2 Conjurations
 - Level 9.0 Hexes
 - Level 10.0 Summonings
 - Level 9.0 Translocations
 + Level 11.1 Fire Magic
 - Level 10.0 Air Magic
 + Level 5.3 Invocations
 + Level 4.5 Evocations


You had 2 spell levels left.
You knew the following spells:

 Your Spells              Type           Power      Damage    Failure   Level
a - Magic Dart            Conj           100%       1d8       1%          1
b - Searing Ray           Conj           100%       2d8       1%          2
c - Dazzling Flash        Conj/Hex       100%       N/A       1%          3
d - Fulminant Prism       Conj/Hex       42%        3d19      1%          4
e - Iskenderun's Mystic   Conj/Tloc      85%        2d17      1%          4
f - Airstrike             Air            43%        2d(7-23)  1%          4
g - Inner Flame           Hex/Fire       100%       N/A       1%          3
h - Sticky Flame          Conj/Fire      100%       2d11      1%          4
i - Summon Forest         Summ/Tloc      42%        N/A       1%          5
j - Flame Wave            Conj/Fire      100%       2d21      1%          4
k - Starburst             Conj/Fire      55%        6d15      4%          6
l - Plasma Beam           Fire/Air       55%        2x1d70    5%          6

Your spell library contained the following spells:

 Spells                   Type           Power      Damage    Failure   Level
 Apportation              Tloc           100%       N/A       1%          1
 Foxfire                  Conj/Fire      100%       2x1d9     1%          1
 Shock                    Conj/Air       100%       1d9       1%          1
 Ensorcelled Hibernation  Hex/Ice        100%       N/A       1%          2
 Jinxbite                 Hex            100%       N/A       1%          2
 Momentum Strike          Conj/Tloc      100%       3d10      1%          2
 Necrotise                Necr           100%       1d9       2%          1
 Wereblood                Tmut           35%        N/A       4%          2
 Gell's Gravitas          Tloc           83%        N/A       1%          3
 Hailstorm                Conj/Ice       67%        3d12      1%          3
 Swiftness                Air            86%        N/A       1%          3
 Teleport Other           Tloc           83%        N/A       1%          3
 Arcjolt                  Conj/Air       43%        1d53      1%          5
 Summon Mana Viper        Hex/Summ       85%        N/A       1%          5
 Freezing Cloud           Conj/Ice/Air   37%        6-21      4%          5
 Conjure Ball Lightning   Conj/Air       43%        3x3d15    6%          6
 Summon Cactus Giant      Summ           43%        N/A       6%          6
 Frozen Ramparts          Ice            70%        1d11      7%          3
 Vampiric Draining        Necr           35%        2d8       7%          3
 Irradiate                Conj/Tmut      33%        3d22      9%          5
 Dispersal                Tloc           41%        N/A       9%          6
 Spellforged Servitor     Conj/Summ      43%        N/A       28%         7
 Bombard                  Conj/Erth      33%        9d6       36%         6
 Agony                    Necr           35%        N/A       47%         5
 Alistair's Intoxication  Tmut/Pois      23%        N/A       47%         5
 Eringya's Noxious Bog    Tmut/Pois      17%        4d6       94%         6
 Simulacrum               Ice/Necr       17%        N/A       94%         6
 Chain Lightning          Conj/Air       43%        3d58      100%        9
 Fire Storm               Conj/Fire      55%        8d14      100%        9
 Polar Vortex             Ice            17%        12d2*     100%        9
 Shatter                  Erth           17%        3d16*     100%        9


Dungeon Overview and Level Annotations

Branches:
Dungeon (13/15)            Temple (1/1) D:6            Lair (5/5) D:8
 Shoals (0/4) Lair:2       Spider (0/4) Lair:2        Slime (0/5) Lair:5
    Orc (2/2) D:9             Elf (0/3) Orc:2
 Vaults: D:13-14

Altars:
Ashenzari
Cheibriados
Dithmenos
Elyvilon
Fedhas
Gozag
Hepliaklqana
Kikubaaqudgha
Makhleb
Nemelex Xobeh
Okawaru
Qazlal
Ru
Sif Muna
Trog
Uskayaw
Vehumet
Wu Jian
Xom
Yredelemnul
Zin
The Shining One
Jiyva

Shops:
D:12 !   Orc:2 =(:(:

Portals:
Trove: D:12 (give 4 scrolls of blinking)

Annotations:
D:13 1 transporter, pokeman's ghost, journeyman DEHW


Innate Abilities, Weirdness & Mutations

You possess an exceptional clarity of mind.
Your spells are a little harder to cast, but a little more powerful.


Message History

Sif Muna accepts your kill.
You start resting.
An arcanist is nearby!
The arcanist gestures wildly while chanting.
The arcanist seems to speed up.
The arcanist barely misses you.
Casting: Airstrike (mildly dangerous; 1% risk of failure)
Confirm with . or Enter, or press ? or * to list all spells.
Casting: Flame Wave (mildly dangerous; 1% risk of failure)
Press: ? - help, Dir - look around, f - activate You feel a surge of power!
A wave of flame ripples out!
The flame wave engulfs the arcanist!
The arcanist is moderately wounded. (Press . to intensify the flame waves.)
You hear a shout!
You hear two shouts!
You hear a shout!
The arcanist hits you but does no damage.
The arcanist casts a spell at you. The bolt of cold hits you!!
A wave of flame ripples out!
The flame wave engulfs the arcanist!!
You kill the arcanist!
Sif Muna accepts your kill.
You hear two shouts!
You hear a shout!
A two-headed ogre comes into view.
It is wielding a +0 giant spiked club and a +0 dire flail.
Items here: )))) [.
A centaur warrior comes into view.
The centaur warrior wields a +0 orcbow.
The centaur warrior shoots an arrow.
The arrow hits you!
The centaur warrior shoots an arrow.
The arrow hits you!
* * * LOW HITPOINT WARNING * * *
The centaur warrior shoots an arrow.
The arrow barely misses you.
As you read the scroll of fear, it crumbles to dust.
You assume a fearsome visage.
The centaur warrior resists with almost no effort.
The fire dragon roars deafeningly!
The centaur warrior shoots an arrow.
The arrow hits you.
* * * LOW HITPOINT WARNING * * *
Okay, then.
As you read the scroll of fog, it dissolves into smoke.
The centaur warrior shoots an arrow.
The arrow hits you!!
You die...

#.%.# #.)..#########
#...' ##...##8S![)$8#
#..O######....#WW{......
.
...##..#...).#DT#...#..
.. #.##..!.....#O#...
... #>...#####..#C...©
.... #.....§# #..#.#...
#....##)####§###..#D.#.
........c..§@§....#....
.....##.####§###..##8..
.... #..$.§.§. .###
...............$.
...................
...................
##.................
######.##......... #.#
.....


You could see a fire dragon and a centaur warrior.

Vanquished Creatures
  Nessos (Lair:3)
  3 catoblepae (Lair:5)
  Fannar (Lair:2)
  Erica (D:9)
  A boulder beetle (D:11)
  6 two-headed ogres
  8 death yaks (Lair:5)
  3 orc high priests (Orc:2)
  Sonja (Lair:2)
  A skyshark (Lair:1)
  An arcanist (D:13)
  5 orc knights (Orc:2)
  A deep elf zephyrmancer (D:13)
  An ugly thing (D:13)
  Pikel (D:8)
  3 deep elf pyromancers (D:13)
  6 elephants (Lair:5)
  4 orc sorcerers
  A salamander (Lair:4)
  2 manticores (Lair:5)
  3 cyclopes
  2 kobold blastminers
  5 black mambas
  A gargoyle (D:12)
  17 cane toads
  7 kobold demonologists
  Maggie (Lair:2)
  2 unseen horrors (D:12)
  A torpor snail (Lair:5)
  3 rime drakes
  7 komodo dragons
  9 trolls
  A polar bear (Lair:2)
  3 hornets
  12 blink frogs (Lair:5)
  Sigmund (D:4)
  A shadow (D:9)
  3 culicivoras (Lair:2)
  A water elemental (D:13)
  A vampire (D:11)
  2 slime creatures (D:13)
  3 wyverns
  35 yaks
  Grum (D:8)
  3 wraiths
  3 basilisks
  2 steam dragons
  14 wargs (D:11)
  Menkaure (D:4)
  3 swamp worms (Lair:3)
  7 vampire mosquitoes
  A two-headed ogre zombie (D:9)
  2 acid dragons
  17 water moccasins
  3 black bears
  15 orc warriors
  11 ogres
  3 wolves (D:8)
  3 phantoms
  10 centaurs
  8 kobold brigands
  2 lemures (D:8)
  12 bullfrogs
  6 gnoll sergeants
  A scorpion (D:6)
  A water moccasin zombie (D:4)
  2 necrophages (D:4)
  16 wights
  3 troll zombies (D:9)
  11 killer bees
  An electric eel (D:13)
  5 howler monkeys
  A human zombie (D:4)
  4 jellies
  6 hounds
  15 orc priests
  2 sleepcaps
  8 gnoll boudas
  6 iguanas
  Ijyb (D:4)
  25 orc wizards
  2 scorpion zombies (D:4)
  Terence (D:2)
  4 ogre zombies (D:9)
  3 mummies (D:4)
  Robin (D:4)
  24 gnolls
  6 adders
  4 ufetubi (D:6)
  2 adder zombies (D:4)
  2 worms
  2 dart slugs (D:1)
  47 orcs
  11 ball pythons
  6 endoplasms
  A giant cockroach (D:1)
  2 gnoll zombies (D:9)
  15 goblins
  15 hobgoblins
  2 jackals (D:5)
  3 quokkas
  4 bats
  8 frilled lizards
  2 gnoll skeletons (D:9)
  19 kobolds
  An orc skeleton (D:9)
  18 orc zombies (D:9)
  6 rats
618 creatures vanquished.

Vanquished Creatures (collateral kills)
  Snorg (D:12)
  Harold (D:11)
  A boulder beetle (D:12)
  A rime drake (Lair:5)
  A cane toad (Lair:5)
  A komodo dragon (Lair:5)
  3 blink frogs (Lair:5)
  3 yaks (Lair:5)
12 creatures vanquished.

Vanquished Creatures (others)
  25 fulminant prisms
25 creatures vanquished.

Grand Total: 655 creatures vanquished

Notes
Turn   | Place    | Note
-------+----------+-------------------------------------------
     0 | D:1      | grandjackal the Deep Elf Conjurer began the quest for the
                  | Orb.
     0 | D:1      | Reached XP level 1. HP: 10/10 MP: 6/6
    79 | D:1      | Reached XP level 2. HP: 15/15 MP: 0/8
   150 | D:1      | Learned a level 2 spell: Searing Ray
   663 | D:1      | Reached skill level 4 in Spellcasting
   714 | D:1      | Reached skill level 5 in Conjurations
   714 | D:1      | Reached XP level 3. HP: 18/19 MP: 1/10
  1113 | D:1      | Learned a level 3 spell: Dazzling Flash
  1145 | D:2      | Identified the +0 leather armour "Bogh" {rElec rN+++ Str-3
                  | Int+2}
  1553 | D:2      | Noticed Terence
  1561 | D:2      | Gained mutation: Your spells are a little harder to cast,
                  | but a little more powerful. [potion of mutation]
  1561 | D:2      | Gained mutation: Your spells are harder to cast, but more
                  | powerful. [potion of mutation]
  1561 | D:2      | Lost mutation: Your spells are harder to cast, but more
                  | powerful. [potion of mutation]
  1561 | D:2      | Gained mutation: You possess an exceptional clarity of
                  | mind. [potion of mutation]
  1568 | D:2      | Killed Terence
  1569 | D:2      | Reached XP level 4. HP: 12/24 MP: 8/12
  2212 | D:3      | Identified the +2 ring mail "Yngo" {*Slow rElec rN++ Int+3}
  2283 | D:3      | Found a basalt altar of Yredelemnul.
  2319 | D:3      | Found a white marble altar of Elyvilon.
  2319 | D:3      | Found an iron altar of Okawaru.
  2370 | D:3      | Reached skill level 5 in Spellcasting
  3011 | D:3      | Learned a level 4 spell: Fulminant Prism
  3099 | D:4      | Noticed Ijyb
  3105 | D:4      | Killed Ijyb
  3106 | D:4      | Reached skill level 1 in Hexes
  3169 | D:4      | Reached XP level 5. HP: 28/28 MP: 9/14
  3205 | D:4      | Learned a level 4 spell: Iskenderun's Mystic Blast
  3291 | D:4      | Noticed Menkaure
  3295 | D:4      | Killed Menkaure
  3296 | D:4      | Reached skill level 1 in Translocations
  3296 | D:4      | Noticed Sigmund
  3309 | D:4      | Killed Sigmund
  3310 | D:4      | Reached skill level 6 in Spellcasting
  3310 | D:4      | Reached XP level 6. HP: 28/32 MP: 6/17
  3461 | D:4      | Reached XP level 7. HP: 36/36 MP: 13/18
  3547 | D:4      | Found an ancient bone altar of Kikubaaqudgha.
  3892 | D:4      | Reached skill level 7 in Spellcasting
  4351 | D:4      | Reached skill level 5 in Hexes
  4393 | D:4      | Noticed Robin
  4396 | D:4      | Killed Robin
  4522 | D:5      | Entered Level 5 of the Dungeon
  4527 | D:5      | Reached XP level 8. HP: 39/41 MP: 15/21
  5219 | D:5      | Reached skill level 8 in Spellcasting
  5397 | D:5      | Reached skill level 5 in Translocations
  5738 | D:5      | Learned a level 4 spell: Airstrike
  5836 | D:6      | Reached skill level 1 in Air Magic
  6027 | D:6      | Found a staircase to the Ecumenical Temple.
  6034 | D:6      | Reached skill level 9 in Spellcasting
  6040 | Temple   | Entered the Ecumenical Temple
  6055 | Temple   | Became a worshipper of Sif Muna the Loreminder
  6087 | D:6      | Reached XP level 9. HP: 45/45 MP: 18/24
  6090 | D:6      | Found a snail-covered altar of Cheibriados.
  6090 | D:6      | Identified the +0 ring mail of Clean Birdsong {rF+}
  6259 | D:6      | Learned a level 3 spell: Inner Flame
  6388 | D:6      | Reached skill level 1 in Fire Magic
  6618 | D:6      | Found a sacrificial altar of Ru.
  6866 | D:7      | Reached * piety under Sif Muna
  7260 | D:7      | Reached skill level 10 in Spellcasting
  8466 | D:8      | Reached XP level 10. HP: 45/50 MP: 18/26
  8576 | D:8      | Reached ** piety under Sif Muna
  8749 | D:8      | Noticed Pikel
  8755 | D:8      | Killed Pikel
  8756 | D:8      | Reached skill level 5 in Air Magic
  8767 | D:8      | HP: 2/50 [poisoned by a killer bee]
  8970 | D:8      | Reached skill level 11 in Spellcasting
  9074 | D:8      | Reached skill level 5 in Fire Magic
  9202 | D:8      | Found a staircase to the Lair.
  9293 | D:8      | Noticed Grum
  9299 | D:8      | Killed Grum
 10036 | D:9      | Noticed a two-headed ogre
 10039 | D:9      | Killed a two-headed ogre
 10102 | D:9      | Learned a level 4 spell: Sticky Flame
 10123 | D:9      | Noticed Erica
 10127 | D:9      | Killed Erica
 10231 | D:9      | Reached skill level 12 in Spellcasting
 10312 | D:9      | Reached XP level 11. HP: 53/54 MP: 13/29
 10538 | D:9      | Found a staircase to the Orcish Mines.
 10556 | D:9      | Reached *** piety under Sif Muna
 11301 | D:9      | Learned a level 5 spell: Summon Forest
 11312 | D:10     | Entered Level 10 of the Dungeon
 11428 | D:10     | Noticed a two-headed ogre
 11431 | D:10     | Killed a two-headed ogre
 11432 | D:10     | Reached skill level 1 in Summonings
 11437 | D:10     | Reached **** piety under Sif Muna
 11542 | D:10     | Found a blossoming altar of Fedhas.
 11711 | D:10     | Found a broken altar of Ashenzari.
 12715 | D:11     | Reached skill level 13 in Spellcasting
 12860 | D:11     | Noticed Harold
 12882 | D:11     | Killed Harold
 13126 | D:11     | Found a shadowy altar of Dithmenos.
 13233 | D:11     | Noticed a boulder beetle
 14132 | D:12     | Reached ***** piety under Sif Muna
 14214 | D:12     | Noticed Snorg
 14221 | D:12     | Killed Snorg
 14222 | D:12     | Reached XP level 12. HP: 59/59 MP: 26/31
 14486 | D:12     | Found a portal to a secret trove of treasure.
 14615 | D:12     | Reached skill level 5 in Summonings
 14752 | D:12     | Found Inodgh's Distillery.
 14759 | D:12     | Bought a potion of brilliance for 60 gold pieces
 14759 | D:12     | Bought a potion of haste for 150 gold pieces
 15114 | D:12     | Noticed a boulder beetle
 15136 | D:12     | Killed a boulder beetle
 15223 | D:12     | Reached skill level 14 in Spellcasting
 15577 | D:12     | Learned a level 4 spell: Flame Wave
 15681 | Lair:1   | Entered Level 1 of the Lair of Beasts
 17102 | Lair:2   | Noticed Maggie
 17306 | Lair:2   | Killed Maggie
 17378 | Lair:2   | Noticed Sonja
 17379 | Lair:2   | Killed Sonja
 17432 | Lair:2   | Reached skill level 10 in Fire Magic
 17810 | Lair:2   | Noticed Fannar
 17820 | Lair:2   | Killed Fannar
 17821 | Lair:2   | Reached skill level 15 in Spellcasting
 18064 | Lair:2   | Found a staircase to the Shoals.
 18497 | Lair:2   | Reached XP level 13. HP: 12/63 MP: 25/34
 18500 | Lair:2   | Received a gift from Sif Muna
 18676 | Lair:2   | Found a hole to the Spider Nest.
 18808 | Lair:3   | Noticed Nessos
 18813 | Lair:3   | Killed Nessos
 18814 | Lair:3   | Reached skill level 10 in Conjurations
 19207 | Lair:3   | You fall into a shaft and drop 2 floors!
 19207 | Lair:5   | Entered Level 5 of the Lair of Beasts
 19453 | Lair:5   | Reached skill level 1 in Fighting
 19556 | Lair:5   | Learned a level 6 spell: Starburst
 19989 | Lair:5   | Found a staircase to the Slime Pits.
 19990 | Lair:5   | Found a viscous altar of Jiyva.
 21277 | Lair:4   | Found a sparkling altar of Nemelex Xobeh.
 21397 | Lair:4   | Received a gift from Sif Muna
 21398 | Lair:4   | Got Sif Muna's Further Progress in Sorcery {god gift}
 21641 | Lair:4   | Reached skill level 16 in Spellcasting
 22027 | Lair:4   | Identified a scroll of acquirement
 22028 | Lair:4   | Acquired a staff of fire
 23353 | Lair:5   | Reached XP level 14. HP: 76/76 MP: 13/36
 23784 | Lair:5   | Reached skill level 10 in Summonings
 23978 | Lair:5   | Reached skill level 1 in Invocations
 24261 | Lair:5   | Identified the +1 spear "Lomaebb" {flame, *Corrode rC+
                  | Str+3}
 24441 | Orc:1    | Entered Level 1 of the Orcish Mines
 24831 | Orc:2    | Entered Level 2 of the Orcish Mines
 25030 | Orc:2    | Found Kasagh's Jewellery Shoppe.
 25330 | Orc:2    | Found a staircase to the Elven Halls.
 25872 | Orc:1    | Reached skill level 17 in Spellcasting
 26133 | Orc:2    | Reached skill level 5 in Fighting
 26323 | Orc:2    | Received a gift from Sif Muna
 26330 | Orc:2    | Got Movonin's Verses on the Discharge and the Chill {god
                  | gift}
 26464 | Orc:2    | Learned a level 6 spell: Plasma Beam
 26532 | Orc:2    | Reached skill level 1 in Evocations
 26692 | Orc:2    | Reached skill level 10 in Air Magic
 26693 | Orc:2    | Found Leurph Kigo's Book Shop.
 26693 | Orc:2    | Found Cikaif's Weapon Emporium.
 26696 | Orc:2    | Found Uffaabil's Weapon Emporium.
 26696 | Orc:2    | Found Igoyro's Book Shop.
 26760 | Orc:2    | Bought a book of Annihilations for 960 gold pieces
 28835 | D:13     | Reached skill level 5 in Invocations
 29139 | D:13     | Found a transporter.
 29157 | D:13     | Noticed pokeman's ghost (journeyman DEHW)
 29241 | D:13     | Received a gift from Sif Muna
 29242 | D:13     | Got Sif Muna's Book of Hypothermia {god gift}
 29293 | D:13     | Shot with an arrow by a centaur warrior

Illustrated notes

Levels and vault maps discovered:
D:1:      amcnicky_arrival_double_pillar, layout_loops_ring, minmay_hexomino_u4
D:2:      layout_basic, minmay_split_cup_large, uniq_terence
D:3:      layout_loops_corners, gammafunk_temple_overflow_forgotten,
          amcnicky_mini_corridor_feature
D:4:      layout_loops_cross, lemuel_mausoleum_altar_kikubaaqudgha, uniq_ijyb,
          uniq_robin, uniq_sigmund, uniq_menkaure
D:5:      minmay_evil_eye, layout_loops_ring
D:6:      layout_rooms, nicolae_ru_great_annihilating_truth, old_standard_altar,
          minmay_temple_entry_slanted
D:7:      layout_basic
D:8:      layout_basic, david_lair_shrubbed, minmay_lizard_king, uniq_grum,
          uniq_pikel
D:9:      layout_gridville, zombieorc2_lemuel, uniq_erica
D:10:     layout_basic, mainiacjoe_overflow_small_starburst,
          nicolae_ashenzari_skybound
D:11:     lemuel_castle_with_subvaults [lemuel_castle_interior_carwin_2],
          layout_stronghold, nicolae_dithmenos_shadow_blocks, uniq_harold
D:12:     layout_long_grid, serial_shops, nicolae_shop_tiny_statue_garden,
          enter_trove_0, uniq_snorg
D:13:     kennysheep_big_flooded_room, layout_basic, david_vaults_1,
          gammafunk_ghost_arena, small_statue_intersection
Temple:   zaba_magenta_temple
Lair:1:   layout_loops_ring, grunt_megastairs_3
Lair:2:   layout_misc_corridors, elwin_shoals_entry_rocks,
          hellmonk_spider_entry_life_and_decay, lemuel_fruit_fields,
          lemuel_fruit_tree, uniq_fannar, uniq_sonja, uniq_maggie
Lair:3:   layout_loops_ring, worms_lemuel, uniq_nessos
Lair:4:   layout_gridlike, basic_altar
Lair:5:   evilmike_catoblepas_cave, layout_misc_corridors, slime_entry_1,
          serial_bayou_shore_b
Orc:1:    layout_diamond_mine, mines2_lemuel
Orc:2:    grunt_orc_tribal_feast, layout_diamond_mine, serial_shops,
          nicolae_shop_stone, basic_altar, mines2_david

Skill      XL: |  1  2  3  4  5  6  7  8  9 10 11 12 13 14 |
---------------+-------------------------------------------+-----
Spellcasting   | 4 5 6 7 9 10 12 13 15 16 17 | 17.8
Conjurations   | 5 6 7 8 9 10 | 10.2
Hexes          | 1 3 5 6 8 9 |  9.0
Translocations | 2 4 5 6 8 9 |  9.0
Air Magic      | 2 4 6 7 9 10 | 10.0
Fire Magic     | 4 6 8 10 11 | 11.1
Summonings     | 4 7 9 10 | 10.0
Fighting       | 4 5 |  5.0
Invocations    | 5 |  5.3
Evocations     | 4 |  4.5
Dodging        | |  2.4
Stealth        | |  2.4

Action                     |  1- 3 |  4- 6 |  7- 9 | 10-12 | 13-15 || total
---------------------------+-------+-------+-------+-------+-------++-------
  Melee: Unarmed           |     4 |     4 |       |     8 |     4 ||    20
         Punch             |       |       |       |       |     1 ||     1
         Staff             |       |       |       |       |    17 ||    17
   Cast: Magic Dart        |    75 |    30 |    57 |    14 |     9 ||   185
         Searing Ray       |     4 |     9 |    95 |    85 |    25 ||   218
         Fulminant Prism   |       |       |     1 |    15 |     9 ||    25
         Iskenderun's Myst |       |       |     3 |    60 |    27 ||    90
         Airstrike         |       |       |       |    87 |   179 ||   266
         Inner Flame       |       |       |       |     7 |     3 ||    10
         Sticky Flame      |       |       |       |    18 |    16 ||    34
         Summon Forest     |       |       |       |     3 |     2 ||     5
         Flame Wave        |       |       |       |     7 |    45 ||    52
         Starburst         |       |       |       |       |    29 ||    29
         Plasma Beam       |       |       |       |       |    24 ||    24
  Evoke: Wand              |       |       |       |     3 |    12 ||    15
    Use: Potion            |     2 |       |       |     2 |       ||     4
         Scroll            |       |       |     6 |    16 |     4 ||    26
 Armour: Robe              |     3 |       |       |       |       ||     3
         Leather armour    |     9 |     2 |    72 |   173 |   132 ||   388
  Dodge: Dodged            |    12 |     2 |    54 |    79 |    69 ||   216

Table legend: (Time is in decaauts)
 A = Elapsed time spent in this place.
 B = Non-inter-level travel time spent in this place.
 C = Inter-level travel time spent in this place.
 D = Time resting spent in this place.
 E = Time spent auto-exploring this place.
 F = Levels seen in this place.
 G = Mean time per level.
                   A        B        C        D        E       F      G
               +--------+--------+--------+--------+--------+-----+--------+
         Total |  29320 |  28365 |    955 |  12440 |  11624 |  21 | 1396.2 |
       Dungeon |  18141 |  17582 |    559 |   7011 |   7762 |  13 | 1395.5 |
        Temple |     30 |     15 |     15 |      0 |      0 |   1 |   30.0 |
          Lair |   8754 |   8463 |    291 |   4301 |   2981 |   5 | 1750.8 |
  Orcish Mines |   2393 |   2304 |     89 |   1128 |    880 |   2 | 1196.5 |
               +--------+--------+--------+--------+--------+-----+--------+

Top non-repeatable levels by time:
    D:11: 3162 daAuts
  Lair:5: 2741 daAuts
     D:8: 1901 daAuts
  Lair:2: 1776 daAuts
   Orc:2: 1740 daAuts
    D:12: 1680 daAuts
  Lair:1: 1624 daAuts
     D:7: 1521 daAuts
    D:10: 1502 daAuts
     D:4: 1486 daAuts
  Lair:4: 1397 daAuts
     D:5: 1238 daAuts
  Lair:3: 1215 daAuts
     D:9: 1210 daAuts
     D:1: 1142 daAuts
